 Dungeon Crawl Stone Soup version 0.31-a0-4-gefa6de2278 (webtiles) character file.

Game seed: 9278477523908746226

10 leduwah the Trooper (level 2, 0/25 HPs)
             Began as a Djinni Cinder Acolyte on May 4, 2023.
             Was a High Priest of Ignis.
             Slain by a kobold
             ... wielding a +0 dagger
              (1 damage)
             ... on level 1 of the Dungeon.
             The game lasted 00:03:29 (372 turns).

leduwah the Trooper (Djinni Cinder Acolyte)          Turns: 372, Time: 00:03:29

Health: 0/25       AC:  2    Str: 13    XL:     2   Next: 30%
Gold:   19         EV: 11    Int: 15    God:    Ignis [*****.] SH:  0 Dex:  8

rFire   + + +        a - -1 falchion (flame)
rCold   x . .        (no shield)
rNeg    . . .        b - +0 robe
rPois   ∞            (no helmet)
rElec   .            (no cloak)
rCorr   .            (no gloves)
SInv    .            (boots unavailable)
Will    .....        (no amulet)
Stlth   +            (no ring)
HPRegen 0.24/turn    (no ring)
MPRegen 0.00/turn

%: infuse magic (-1 HP)
@: flying
A: sickness immunity, fire resistance 2, cold vulnerability 1, float, innate
caster, HP casting, extra vitality 1
a: Renounce Religion, Fiery Armour, Foxfire Swarm, Rising Flame


You were on level 1 of the Dungeon.
You worshipped Ignis.
Ignis was extremely pleased with you.
You visited 1 branch of the dungeon, and saw 1 of its levels.

You collected 19 gold pieces.

Inventory:

Hand Weapons
 a - a -1 falchion of flaming (weapon)
Armour
 b - a +0 robe (worn)
Scrolls
 d - a scroll of identify {unknown}
 e - a scroll of poison {unknown}
Potions
 c - a potion of might {unknown}


   Skills:
 * Level 3.0 Fighting
 * Level 2.9 Long Blades
 * Level 0.1 Dodging
 * Level 0.1 Stealth
 * Level 2.5 Spellcasting
 * Level 0.1 Invocations
 * Level 0.2 Evocations


You knew the following spells:

 Your Spells              Type           Power      Damage    Failure   Level
a - Scorch                Fire           18%        2d5       11%         2
Your spell library was empty.

Dungeon Overview and Level Annotations

Branches:
Dungeon (1/15)

Altars:

Shops:
D:1 :


Innate Abilities, Weirdness & Mutations

You are immune to sickness and miasma.
You are immune to poison.
Your flesh is very heat resistant. (rF++)
You are vulnerable to cold. (rC-)
You float through the air rather than walking.
You learn spells naturally, not from books.
Your magical power is your life essence.
You have superior vitality. (+4 MHP)


Message History

d - a scroll labelled TOG EMANOUDI Your fiery armour burns out.
e - a scroll labelled WEFOSM XEISKY You reach down and open the door.
As you open the door, it creaks loudly!
There is an open door here.
You reach down and open the door.
A frilled lizard comes into view.
The frilled lizard moves out of view.
The frilled lizard hisses angrily.
The frilled lizard barely misses you.
You hit the frilled lizard but do no damage.
The frilled lizard bites you.
You miss the frilled lizard. The frilled lizard barely misses you.
You hit the frilled lizard. You burn the frilled lizard.
You kill the frilled lizard!
You see here a frilled lizard corpse.
There is an open door here.
Found a stone staircase leading down.
A kobold comes into view. It is wielding a +0 dagger.
The kobold shouts!
An endoplasm comes into view.
The kobold hits you but does no damage.
You barely miss the kobold. The kobold hits you with a +0 dagger.
You closely miss the kobold. The kobold closely misses you.
The kobold hits you with a +0 dagger.
The endoplasm quivers.
You barely miss the kobold. The kobold hits you with a +0 dagger.
The endoplasm barely misses you. The endoplasm attacks as you move away!
The endoplasm hits you but does no damage.
You hit the kobold but do no damage. The kobold barely misses you.
The endoplasm freezes you.
You are frozen!
You feel a terrible chill!
You barely miss the kobold. The kobold hits you with a +0 dagger.
The endoplasm freezes you.
You are frozen!
You feel a terrible chill!
* * * LOW HITPOINT WARNING * * *
You barely miss the kobold. The kobold hits you with a +0 dagger.
You die...

#.# #.#
#.################
#................#
##.........####..#
#....#####..###..#######
....#.....#..##...>.....
#..#.......#..#.....###.
..#....<....#...@.......
#..#.......#..##KJ......
##..#.....#..###...~....
###..#####..## #........
..##.......## #.....~~.
#........### #.....~~.
######### #........
#...~.... #........


You could see an endoplasm and a kobold.

Vanquished Creatures
  A goblin (D:1)
  A hobgoblin (D:1)
  2 jackals (D:1)
  A quokka (D:1)
  3 ball pythons (D:1)
  A frilled lizard (D:1)
9 creatures vanquished.

Notes
Turn   | Place    | Note
-------+----------+-------------------------------------------
     0 | D:1      | leduwah the Djinni Cinder Acolyte began the quest for the
                  | Orb.
     0 | D:1      | leduwah set off with the following spells memorised:
                  | Scorch.
     0 | D:1      | Reached XP level 1. HP: 20/20 MP: 0/0
   119 | D:1      | Found Xaugubab's Book Shoppe.
   160 | D:1      | Reached XP level 2. HP: 7/25 MP: 0/0
   371 | D:1      | HP: 1/25 [frozen (7)]
   372 | D:1      | Slain by a kobold

Illustrated notes

Levels and vault maps discovered:
D:1:      scummos_arrival_hexagon, layout_basic, serial_shops,
          nicolae_book_shop_shelving, skrybe_limestone_x

Action                     || total
---------------------------++-------
  Melee: Falchion          ||    21
 Invoke: Fiery Armour      ||     1
 Armour: Robe              ||     6
  Dodge: Dodged            ||    13

Table legend: (Time is in decaauts)
 A = Elapsed time spent in this place.
 B = Non-inter-level travel time spent in this place.
 C = Inter-level travel time spent in this place.
 D = Time resting spent in this place.
 E = Time spent auto-exploring this place.
 F = Levels seen in this place.
 G = Mean time per level.
                   A        B        C        D        E       F      G
               +--------+--------+--------+--------+--------+-----+--------+
         Total |    375 |    375 |      0 |     73 |    187 |   1 |  375.0 |
       Dungeon |    375 |    375 |      0 |     73 |    187 |   1 |  375.0 |
               +--------+--------+--------+--------+--------+-----+--------+

Top non-repeatable levels by time:
     D:1: 375 daAuts
